Map: Dusk Towers

Players

FeIdspar

  • Race: Zerg Zerg
  • League: Diamond

LilDicky - Winner!

  • Race: Terran Terran
  • League: Diamond

VOD

http://www.twitch.tv/tumescentpie

Description

Time

  • Played on: Dec. 8, 2015, 9:10 a.m.
  • Length: 5:33
Show
View Real Time Build Order
Export as new Build Order

FeIdspar Zerg 

Build Orders: Pool First, Zergling Baneling 

Get SALT Encoding   

  12  0:01  Drone  
  13  0:08  Drone  
  14  0:20  Overlord  
  14  0:27  Extractor  
  13  0:29  Drone x2, Extractor  
  16  0:40  Drone  
  17  0:44  Drone  
  17  0:49  Extractor  
  17  0:52  Spawning Pool  
  17  0:56  Drone  
  17  1:10  Drone  
  18  1:21  Hatchery  
  18  1:24  Drone  
  18  1:36  Overlord  
  18  1:43  Queen  
  20  1:54  Metabolic Boost  
  20  1:57  Zergling x2  
  20  1:58  Drone  
  22  2:09  Drone  
  22  2:14  Drone  
  24  2:21  Queen  
  26  2:24  Zergling x2  
  27  2:37  Drone  
  28  2:47  Hatchery  
  27  2:55  Zergling x2  
  27  2:56  Zergling x2  
  29  3:04  Baneling Nest  
  29  3:05  Drone  
  29  3:06  Drone  
  29  3:09  Zergling x2  
  31  3:17  Zergling x4  
  31  3:18  Zergling x2  
  34  3:24  Zergling x4  
  35  3:34  Overlord  
  35  3:40  Overlord  
  35  3:42  Drone  
  35  3:45  Overlord  
  36  3:53  Drone x2  
  36  3:54  Zergling x2  
  36  3:55  Zergling x2  
  40  4:04  Drone, Zergling x2  
  40  4:05  Zergling x4  
  44  4:10  Drone  
  45  4:20  Baneling  
  45  4:21  Baneling x5  
  45  4:22  Baneling x2  
  45  4:26  Drone  
  45  4:27  Zergling x2  
  45  4:28  Zergling x4  
  40  4:47  Zergling x2  
  40  4:48  Zergling x18  
Show
View Real Time Build Order
Export as new Build Order

LilDicky Terran - Winner!

Build Orders: Liberator Opening 

Get SALT Encoding   

  12  0:03  SCV  
  13  0:15  SCV  
  13  0:19  Supply Depot  
  14  0:27  SCV  
  15  0:31  Refinery  
  15  0:41  SCV  
  16  0:45  Barracks  
  16  0:53  SCV  
  16  0:55  Refinery  
  17  1:05  SCV  
  18  1:17  SCV  
  19  1:29  SCV  
  20  1:34  Marine  
  20  1:36  Supply Depot  
  21  1:44  Orbital Command  
  21  1:48  Factory  
  21  1:53  Marine  
  22  2:10  SCV  
  22  2:13  Barracks Reactor  
  23  2:22  SCV  
  24  2:33  Armory  
  24  2:34  SCV  
  24  2:36  Starport  
  25  2:40  Supply Depot, Factory Tech Lab  
  25  2:46  SCV  
  25  2:48  Marine x2  
  28  2:58  SCV  
  29  3:06  Marine x2  
  31  3:19  Thor  
  37  3:20  Medivac  
  37  3:24  Supply Depot  
  39  3:33  Liberator  
  39  3:45  Marine  
  39  3:47  SCV  
  41  3:54  Marine  
  45  3:59  SCV, Supply Depot  
  46  4:08  Marine  
  47  4:16  Supply Depot  
  47  4:20  Marine  
  47  4:21  Siege Tank  
  51  4:26  Marine  
  51  4:27  SCV  
  53  4:33  Command Center  
  53  4:40  SCV  
  54  4:48  Marine x2  
  54  5:00  Supply Depot  
  54  5:11  Supply Depot  
Tags
 
Add a new tag
Caveats
  • Supply blocks, unpowered buildings, or Contaminate may cause inaccurate times.
  • Supply counts are checked every 10 seconds.